 Dungeon Crawl Stone Soup version 0.31-a0-1467-g53b6572822 (webtiles) character file.

Game seed: 4647222958197871126

5128 graki42 the Thaumaturge (level 10, -1/50 HPs)
             Began as a Deep Elf Alchemist on Dec 29, 2023.
             Was a Believer of Sif Muna.
             Slain by a merfolk
             ... wielding a +0 trident
              (19 damage)
             ... on level 8 of the Dungeon.
             The game lasted 00:31:08 (8105 turns).

graki42 the Thaumaturge (Deep Elf Alchemist)        Turns: 8105, Time: 00:31:08

Health: -1/50      AC:  6    Str:  9    XL:     10   Next: 33%
Magic:  4/34       EV: 13    Int: 21    God:    Sif Muna [**....]
Gold:   229        SH:  0    Dex: 15    Spells: 13/27 levels left

rFire   + . .        s - +10 whip "Grom" {vamp, rCorr}
rCold   . . .        (no shield)
rNeg    . . .        a - +0 robe
rPois   +            c - +0 helmet
rElec   +            J - +1 cloak
rCorr   +            (no gloves)
SInv    .            y - +0 pair of boots of the Realm of Zot {rElec rPois MP+9}
Will    +....        (no amulet)
Stlth   ++           E - ring of wizardry
HPRegen 0.28/turn    j - ring of protection from fire
MPRegen 0.24/turn

%: wizardry (x1)
@: no status effects
A: no striking features
a: Renounce Religion, Channel Magic


You were on level 8 of the Dungeon.
You worshipped Sif Muna.
Sif Muna was pleased with you.
You visited 2 branches of the dungeon, and saw 9 of its levels.

You collected 438 gold pieces.
You spent 209 gold pieces at shops.

Inventory:

Hand Weapons
 i - a +0 dagger of venom
 s - the +10 whip "Grom" (weapon) {vamp, rCorr}
   (You found it on level 3 of the Dungeon)

   rCorr:     It protects you from acid and corrosion.
Armour
 a - a +0 robe (worn)
 c - a +0 helmet (worn)
 y - the +0 pair of boots of the Realm of Zot (worn) {rElec rPois MP+9}
   (You bought it in a shop on level 5 of the Dungeon)

   rElec:     It insulates you from electricity.
   rPois:     It protects you from poison MP+9: It affects your magic capacity
   (+9).
 J - a +1 cloak (worn)
Magical Staves
 I - a staff of earth
Jewellery
 h - a +6 ring of strength
 j - a ring of protection from fire (right hand)
 E - a ring of wizardry (left hand)
Wands
 o - a wand of flame (17)
 B - a wand of roots (7)
Scrolls
 d - 3 scrolls of teleportation
 g - 3 scrolls of fear
 m - 3 scrolls of revelation {unknown}
 p - a scroll of butterflies {unknown}
 q - a scroll of blinking {unknown}
 t - 2 scrolls of vulnerability {unknown}
 u - 2 scrolls of noise {unknown}
 x - 4 scrolls of enchant weapon {unknown}
 A - a scroll of enchant armour {unknown}
 C - a scroll of poison {unknown}
Potions
 b - a potion of magic
 e - 4 potions of heal wounds {unknown}
 f - a potion of lignification
 l - a potion of degeneration {unknown}
 n - 4 potions of haste
 r - 4 potions of curing {unknown}
 v - a potion of brilliance {unknown}
 w - a potion of invisibility
 z - a potion of attraction {unknown}
 D - a potion of mutation {unknown}
 F - a potion of cancellation {unknown}
 G - a potion of berserk rage {unknown}
 H - a potion of might {unknown}


   Skills:
 - Level 3.0 Dodging
 - Level 3.0 Stealth
 + Level 9.1 Spellcasting
 + Level 7.2 Conjurations
 + Level 6.2 Fire Magic
 + Level 6.1 Air Magic
 + Level 7.8 Alchemy
 + Level 5.9 Invocations


You had 13 spell levels left.
You knew the following spells:

 Your Spells              Type           Power      Damage    Failure   Level
a - Sting                 Conj/Alch      100%       1d9       1%          1
b - Mercury Vapours       Alch/Air       76%        N/A       1%          2
c - Mephitic Cloud        Conj/Alch/Air  39%        N/A       1%          3
d - Olgreb's Toxic Radia  Alch           42%        N/A       1%          4
e - Sticky Flame          Fire/Alch      39%        2d8       1%          4

Your spell library contained the following spells:

 Spells                   Type           Power      Damage    Failure   Level
 Cigotuvi's Dreadful Rot  Necr/Alch/Air  58%        N/A       1%          2
 Hailstorm                Conj/Ice       24%        3d7       1%          3
 Ignite Poison            Fire/Alch      39%        N/A       1%          4
 Summon Small Mammal      Summ           36%        N/A       2%          1
 Lesser Beckoning         Tloc           18%        N/A       4%          2
 Call Canine Familiar     Summ           9%         N/A       9%          3
 Gell's Gravitas          Tloc           9%         N/A       9%          3
 Summon Ice Beast         Ice/Summ       9%         N/A       9%          3
 Teleport Other           Tloc           9%         N/A       9%          3
 Summon Blazeheart Golem  Fire/Summ      22%        N/A       9%          4
 Sculpt Simulacrum        Ice/Alch       12%        N/A       61%         6
 Malign Gateway           Summ/Tloc      4%         N/A       100%        7
 Ignition                 Fire           17%        3d7       100%        8


Dungeon Overview and Level Annotations

Branches:
Dungeon (8/15)             Temple (1/1) D:4
   Lair: D:8-11

Altars:
Ashenzari
Cheibriados
Elyvilon
Fedhas
Gozag
Hepliaklqana
Kikubaaqudgha
Makhleb
Nemelex Xobeh
Okawaru
Qazlal
Sif Muna
Trog
Uskayaw
Vehumet
Wu Jian
Yredelemnul
Zin
The Shining One

Shops:
D:2 !   D:5 [


Message History

The gnoll is poisoned.
The gnoll sergeant is engulfed in noxious fumes.
The gnoll sergeant appears confused.
Casting: Sting (safe; 1% risk of failure)
Confirm with . or Enter, or press ? or * to list all spells.
Aiming: Sting (safe; 1% risk of failure)
Press: ? - help, Shift-Dir - straight line, f/p - gnoll sergeant
Aim: a gnoll sergeant, wielding a +1 trident of venom, wearing a +0 scale mail and wearing a +0 kite shield (almost dead, confused, extremely poisoned, 98% to hit)
The sting hits the gnoll sergeant.
The gnoll sergeant looks as sick as possible!
You kill the gnoll sergeant!
Sif Muna accepts your kill.
A merfolk comes into view. It is wielding a +0 trident.
The gnoll throws a throwing net.
The throwing net hits you.
You become entangled in the net!
You tear a large gash into the net.
The merfolk is poisoned.
The gnoll looks even sicker.
You struggle against the net.
The merfolk looks even sicker.
You kill the gnoll!
Sif Muna accepts your kill.
Your toxic aura wanes.
You rip the net and break free!
The merfolk is engulfed in noxious fumes.
You start resting.
A merfolk is nearby!
The merfolk closely misses you.
You hit the merfolk.
The merfolk is heavily wounded.
The merfolk hits you with a +0 trident!!
Ouch! That really hurt!
You whack the merfolk!
You feel better.
The merfolk is heavily wounded.
The merfolk closely misses you.
You whack the merfolk!
The merfolk is severely wounded.
The merfolk hits you with a +0 trident.
You hit the merfolk.
You feel better.
The merfolk is almost dead.
The merfolk hits you with a +0 trident!!
You die...

##..)# #≈≈# .)...
#≈≈####..)## #≈≈# ..))..
# # ###~≈####).)### ≈# .#
#..≈~##....)..# ~# ..#
#.##.~###)))# ~.# .#
#.##.~~###m###~~.#
.#######........@.......#
...#.....#............###
##...##################
...### .#..#####
<.#.....# ...####.#
##.......# ######.#..


You could see a merfolk (poisoned).

Vanquished Creatures
  2 boulder beetles (D:7)
  A cyclops (D:7)
  A komodo dragon (D:7)
  A troll (D:7)
  A slime creature (D:7)
  A wraith (D:7)
  Eustachio (D:5)
  Menkaure (D:5)
  A water moccasin (D:5)
  2 ice beasts (D:6)
  A black bear (D:7)
  3 centaurs
  A gnoll sergeant (D:8)
  2 kobold brigands (D:8)
  5 bullfrogs
  3 scorpions
  5 wights (D:7)
  2 howler monkeys
  2 orc priests (D:4)
  2 jellies
  2 bombardier beetles
  5 hounds
  Crazy Yiuf (D:5)
  A gnoll bouda (D:7)
  3 iguanas
  4 sleepcaps
  5 orc wizards
  A mummy (D:6)
  12 gnolls
  4 adders
  A shadow imp (D:6)
  2 worms
  3 dart slugs
  15 orcs
  11 ball pythons
  2 bats
  3 endoplasms
  6 giant cockroaches
  6 hobgoblins
  6 jackals
  16 kobolds
  4 quokkas
  2 frilled lizards (D:2)
  8 goblins
  A hobgoblin zombie (D:6)
  A kobold zombie (D:6)
  2 orc zombies (D:6)
  6 rats
171 creatures vanquished.

Notes
Turn   | Place    | Note
-------+----------+-------------------------------------------
     0 | D:1      | graki42 the Deep Elf Alchemist began the quest for the Orb.
     0 | D:1      | Reached XP level 1. HP: 10/10 MP: 6/6
   352 | D:1      | Reached XP level 2. HP: 15/15 MP: 6/8
   355 | D:1      | Learned a level 2 spell: Mercury Vapours
   736 | D:1      | Reached XP level 3. HP: 19/19 MP: 6/9
   994 | D:2      | Found Webij's Distillery.
  1350 | D:2      | Reached XP level 4. HP: 7/24 MP: 3/11
  1609 | D:2      | Learned a level 3 spell: Mephitic Cloud
  1614 | D:2      | Learned a level 4 spell: Olgreb's Toxic Radiance
  1649 | D:2      | Reached skill level 4 in Spellcasting
  2010 | D:3      | Found a blossoming altar of Fedhas.
  2096 | D:3      | Found a broken altar of Ashenzari.
  2189 | D:3      | Found an ancient bone altar of Kikubaaqudgha.
  2432 | D:3      | Identified the +10 whip "Grom" {vamp, rCorr}
  2901 | D:4      | Noticed a scorpion
  2909 | D:4      | Killed a scorpion
  2910 | D:4      | Reached skill level 1 in Air Magic
  2910 | D:4      | Reached XP level 5. HP: 28/28 MP: 0/13
  3197 | D:4      | Found a staircase to the Ecumenical Temple.
  3211 | Temple   | Entered the Ecumenical Temple
  3469 | D:4      | Reached XP level 6. HP: 28/32 MP: 11/15
  3474 | D:4      | Learned a level 4 spell: Sticky Flame
  3507 | D:4      | Reached skill level 5 in Spellcasting
  3656 | D:4      | Found a shimmering blue altar of Sif Muna.
  3664 | D:4      | Became a worshipper of Sif Muna the Loreminder
  3796 | D:4      | Reached skill level 1 in Fire Magic
  4076 | D:4      | Reached skill level 1 in Invocations
  4212 | D:5      | Entered Level 5 of the Dungeon
  4229 | D:5      | Reached skill level 5 in Alchemy
  4392 | D:5      | Reached XP level 7. HP: 27/36 MP: 12/17
  4451 | D:5      | Found Tivverpha's Antique Armour Shop.
  4452 | D:5      | Noticed Eustachio
  4463 | D:5      | Killed Eustachio
  4567 | D:5      | Bought a pair of jewelled boots for 209 gold pieces
  4567 | D:5      | Identified the +0 pair of boots of the Realm of Zot {rElec
                  | rPois MP+9} (You bought it in a shop on level 5 of the
                  | Dungeon)
  4627 | D:5      | Found a basalt altar of Yredelemnul.
  4675 | D:5      | Found a sand-covered staircase.
  4706 | D:5      | Noticed Menkaure
  4713 | D:5      | Killed Menkaure
  4714 | D:5      | Reached skill level 6 in Spellcasting
  4815 | D:5      | Reached * piety under Sif Muna
  4820 | D:5      | Reached XP level 8. HP: 34/41 MP: 9/19
  5147 | D:5      | Found a runed translucent door.
  5148 | D:5      | Noticed Crazy Yiuf
  5156 | D:5      | Killed Crazy Yiuf
  5629 | D:6      | Reached skill level 5 in Conjurations
  5783 | D:6      | Found a burning altar of Makhleb.
  5976 | D:6      | Found a white marble altar of Elyvilon.
  5976 | D:6      | Found a faded altar of an unknown god.
  5984 | D:6      | Found an iron altar of Okawaru.
  5986 | D:6      | Found an ornate altar of the Wu Jian Council.
  5988 | D:6      | Found a radiant altar of Vehumet.
  6416 | D:6      | Reached skill level 7 in Spellcasting
  6840 | D:7      | Reached XP level 9. HP: 40/45 MP: 22/22
  6930 | D:7      | Noticed a komodo dragon
  6947 | D:7      | Killed a komodo dragon
  7057 | D:7      | Noticed a troll
  7063 | D:7      | Killed a troll
  7179 | D:7      | Reached skill level 5 in Air Magic
  7296 | D:7      | Noticed a boulder beetle
  7296 | D:7      | Noticed a cyclops
  7298 | D:7      | Noticed a boulder beetle
  7303 | D:7      | Killed a boulder beetle
  7304 | D:7      | Reached skill level 8 in Spellcasting
  7304 | D:7      | Reached skill level 5 in Fire Magic
  7304 | D:7      | Reached skill level 5 in Invocations
  7305 | D:7      | Killed a boulder beetle
  7306 | D:7      | Reached XP level 10. HP: 50/50 MP: 13/24
  7632 | D:7      | Killed a cyclops
  7782 | D:7      | Got the Opusculum on the Geometric Ouroboros
  7990 | D:8      | Reached skill level 9 in Spellcasting
  8066 | D:8      | Reached ** piety under Sif Muna
  8105 | D:8      | Slain by a merfolk

Illustrated notes

Levels and vault maps discovered:
D:1:      reono_arrival_mine, layout_loops_ring
D:2:      wad_pebble_path, layout_basic, serial_shops,
          nicolae_shop_pleasant_corner_grove, minmay_cupped
D:3:      layout_loops_ring, mainiacjoe_overflow_catwalk, lemuel_doored_altar,
          mainiacjoe_overflow_concentric_impassable
D:4:      layout_gridville, mainiacjoe_overflow_surrounded_room,
          minmay_temple_entry_crystal_x
D:5:      layout_rooms, mainiacjoe_overflow_chevrons,
          nicolae_ossuary_entry_ruins, serial_shops,
          nicolae_shop_competitors_out_of_business, uniq_eustachio,
          uniq_menkaure, uniq_crazy_yiuf_cottage
D:6:      layout_basic, chequers_temple_overflow_minitemple,
          overflow_temple_1_default, minmay_mini_ossuary
D:7:      minmay_the_grid_octo_triangle [minmay_the_grid_octo_fan_narrow,
          minmay_the_grid_octo_prize_big_c, minmay_the_grid_octo_77],
          layout_rooms
D:8:      layout_rooms, mainiacjoe_overflow_brackets, roadster_trireme,
          uniq_erica
Temple:   nicolae_temple_cloud_nine

Skill      XL: |  1  2  3  4  5  6  7  8  9 10 |
---------------+-------------------------------+-----
Stealth        | 3 |  3.0
Dodging        | 3 |  3.0
Conjurations   | 2 3 4 5 6 7 |  7.2
Spellcasting   | 4 5 6 7 8 9 |  9.1
Alchemy        | 4 5 6 7 |  7.8
Air Magic      | 1 2 3 4 5 6 |  6.1
Fire Magic     | 1 2 4 5 6 |  6.2
Invocations    | 1 2 4 5 |  5.9

Action                     |  1- 3 |  4- 6 |  7- 9 | 10-12 || total
---------------------------+-------+-------+-------+-------++-------
  Melee: Unarmed           |     1 |       |       |       ||     1
         Dagger            |       |     4 |       |       ||     4
         Whip              |       |     1 |    44 |     5 ||    50
         Punch             |       |       |     2 |       ||     2
   Cast: Sting             |    73 |   103 |    92 |    35 ||   303
         Mercury Vapours   |       |     2 |     2 |       ||     4
         Mephitic Cloud    |       |     3 |     3 |     3 ||     9
         Olgreb's Toxic Ra |       |     4 |    13 |    15 ||    32
         Sticky Flame      |       |     1 |    13 |     8 ||    22
 Invoke: Channel Magic     |       |       |       |     1 ||     1
    Use: Scroll            |       |       |     6 |       ||     6
         Potion            |       |       |       |     1 ||     1
   Stab: Sleeping          |       |       |     2 |       ||     2
 Armour: Robe              |    16 |    34 |    48 |    18 ||   116
         Skin              |       |       |       |    27 ||    27
  Dodge: Dodged            |    19 |    38 |    53 |    12 ||   122

Table legend: (Time is in decaauts)
 A = Elapsed time spent in this place.
 B = Non-inter-level travel time spent in this place.
 C = Inter-level travel time spent in this place.
 D = Time resting spent in this place.
 E = Time spent auto-exploring this place.
 F = Levels seen in this place.
 G = Mean time per level.
                   A        B        C        D        E       F      G
               +--------+--------+--------+--------+--------+-----+--------+
         Total |   8128 |   7872 |    256 |    690 |   6069 |   9 |  903.1 |
       Dungeon |   8052 |   7796 |    256 |    618 |   6069 |   8 | 1006.5 |
        Temple |     76 |     76 |      0 |     72 |      0 |   1 |   76.0 |
               +--------+--------+--------+--------+--------+-----+--------+

Top non-repeatable levels by time:
     D:7: 1453 daAuts
     D:4: 1364 daAuts
     D:6: 1218 daAuts
     D:2: 1072 daAuts
     D:5: 1014 daAuts
     D:1: 930 daAuts
     D:3: 767 daAuts
     D:8: 231 daAuts
  Temple: 76 daAuts
